Workbook

Sheet Instructions & Tips
A1: Instructions & Tips
A3: STEP 1: | B3: Fill out the TMA Contract Worksheet
A4: STEP 2: | B4: Send excel to trustfund@tma149.ca
A6: TIP: If using a mac, please export to excel.
A8: How Export a Numbers Spreadsheet to Excel (.xlsx)
A10: 1. Open your spreadsheet in Numbers.
A11: 2. Click File in the menu bar.
A12: 3. Select Export To → Excel.
A13: 4. Choose any export options you want (such as worksheet settings).
A14: 5. Click Next.
A15: 6. Choose where you want to save the file.
A16: 7. Click Export.
A18: Your spreadsheet will be saved as an.xlsx file that can be opened in Microsoft Excel.

Sheet MPTF Worksheet
A1: TMA LIVE PERFORMANCE WORKSHEET - MPTF | G1: Must be completed and filed with dually signed contract. Send all documents and paperwork to trustfund@tma149.ca
A2: September 8th, 2026 to September 6th, 2027 | G2: All musicians listed on the contract must be members in good standing with the AFM. Please reach out to Membership at info@tma149.ca to confirm the membership status of your engaged musicians.
C4: Contract #: | E4: PERFORMANCE INFORMATION | H4: Summary of Payments
C5: Engager: | E5: Date(s): | H5: 1. To Leader | L5: =V27 -> 0
C6: Leader: | E6: Hours: | H6: 2. To Musicians Pension Fund of Canada equal to: | L6: =W28 -> 0
C7: Performance Name:
C8: Engagement Type: | D8: General Scale | E8: REHEARSAL INFORMATION | H8: 3. To Toronto Musicians’ Association equal to: | L8: =U26+X29 -> 0
C9: Venue Capacity (Select ): | D9: Up to 1000 | E9: Date(s):
C10: Base Rate: | D10: {=_xlfn.IFS(D9="up to 1000",'TMA Tariff Rate Chart'!C7, D9="1001-3500",'TMA Tariff Rate Chart'!D7, D9="3501 or greater",'TMA Tariff Rate Chart'!E7)} -> 73 | E10: Hours: | H10: Total cost = | L10: =SUM(L5:L9) -> 0
C11: Pension Rate: | D11: 0.08
B14: First Name (required) | C14: Last Name (required) | D14: AFM ID or SIN (Required) | E14: HST (select yes OR no from drop down) | F14: Musician Type (select role from drop down) | G14: Scale % | H14: 1st Double | I14: 2nd Double | J14: 3rd Double | K14: Total Scale% with double(s) | L14: 2025-2026 Concert Rate (Per Hour) | M14: Concert (# of hours) | N14: 2025-2026 Rehearsal Rate (Per Hour) | O14: Rehearsal (# of hours) | P14: TOTAL SCALE WAGES | Q14: Additional Musician Fees (if applicable) | R14: Subtotal plus | S14: HST AMOUNT (if applicable) | T14: Expenses (Per Diem, Cartage, Travel) (if applicable) | U14: WORK DUES | V14: TOTAL PAYOUT PER MUSICIAN | W14: PENSION | X14: WORK PERMIT (if applicable)
Q15: (will calculate HST) | R15: (Scale Wages + Additional Fees) | S15: 0.13 | T15: (will not calculate HST) | U15: 0.05 | W15: =D11 -> 0.08 | X15: 75
A16: 1 | E16: no | F16: Leader | G16: {=_xlfn.IFS(F16="Leader",200%, F16="Side Musician",100%, F16="Single Musician", 200%, F16="Solo Harp", 200%, F16="Leader (non-playing)", 100%, F16="Contractor (also performing musician)", 150%, F16="Steward", 110%, F16="Contractor (non-playing)", 50%, F16="Harp or Concertmaster", 150%, F16="Principal Musician", 125%, F16="Librarian (also performing musician)", 150%, F16="Librarian (non-playing)", 50%, F16="Leader & Contractor", 250%,F16 = "Accompanist (professional)", 157.63%, F16 = "Accompanist (non-professional)", 100%)} -> 2 | K16: =G16+H16+I16+J16 -> 2 | L16: =SUM(D10) -> 73 | N16: ='TMA Tariff Rate Chart'!B7 -> 63 | P16: =(L16*M16+N16*O16)*K16 -> 0 | R16: =P16+Q16 -> 0 | S16: =IF((E16="yes"),ROUND((R16*0.13),2),0) -> 0 | U16: =P16*U15 -> 0 | V16: =R16+S16+T16-U16 -> 0 | W16: =P16*W15 -> 0
A17: 2 | E17: no | F17: Steward | G17: {=_xlfn.IFS(F17="Leader",200%, F17="Side Musician",100%, F17="Single Musician", 200%, F17="Solo Harp", 200%, F17="Leader (non-playing)", 100%, F17="Contractor (also performing musician)", 150%, F17="Steward", 110%, F17="Contractor (non-playing)", 50%, F17="Harp or Concertmaster", 150%, F17="Principal Musician", 125%, F17="Librarian (also performing musician)", 150%, F17="Librarian (non-playing)", 50%, F17="Leader & Contractor", 250%,F17 = "Accompanist (professional)", 157.63%, F17 = "Accompanist (non-professional)", 100%)} -> 1.1 | K17: =G17+H17+I17+J17 -> 1.1 | L17: =SUM(D10) -> 73 | N17: ='TMA Tariff Rate Chart'!B7 -> 63 | P17: =(L17*M17+N17*O17)*K17 -> 0 | R17: =P17+Q17 -> 0 | S17: =IF((E17="yes"),ROUND((R17*0.13),2),0) -> 0 | U17: =P17*U15 -> 0 | V17: =R17+S17+T17-U17 -> 0 | W17: =P17*W15 -> 0
A18: 3 | E18: no | F18: Side Musician | G18: {=_xlfn.IFS(F18="Leader",200%, F18="Side Musician",100%, F18="Single Musician", 200%, F18="Solo Harp", 200%, F18="Leader (non-playing)", 100%, F18="Contractor (also performing musician)", 150%, F18="Steward", 110%, F18="Contractor (non-playing)", 50%, F18="Harp or Concertmaster", 150%, F18="Principal Musician", 125%, F18="Librarian (also performing musician)", 150%, F18="Librarian (non-playing)", 50%, F18="Leader & Contractor", 250%,F18 = "Accompanist (professional)", 157.63%, F18 = "Accompanist (non-professional)", 100%)} -> 1 | K18: =G18+H18+I18+J18 -> 1 | L18: =SUM(D10) -> 73 | N18: ='TMA Tariff Rate Chart'!B7 -> 63 | P18: =(L18*M18+N18*O18)*K18 -> 0 | R18: =P18+Q18 -> 0 | S18: =IF((E18="yes"),ROUND((R18*0.13),2),0) -> 0 | U18: =P18*U15 -> 0 | V18: =R18+S18+T18-U18 -> 0 | W18: =P18*W15 -> 0
A19: 4 | E19: no | F19: Side Musician | G19: {=_xlfn.IFS(F19="Leader",200%, F19="Side Musician",100%, F19="Single Musician", 200%, F19="Solo Harp", 200%, F19="Leader (non-playing)", 100%, F19="Contractor (also performing musician)", 150%, F19="Steward", 110%, F19="Contractor (non-playing)", 50%, F19="Harp or Concertmaster", 150%, F19="Principal Musician", 125%, F19="Librarian (also performing musician)", 150%, F19="Librarian (non-playing)", 50%, F19="Leader & Contractor", 250%,F19 = "Accompanist (professional)", 157.63%, F19 = "Accompanist (non-professional)", 100%)} -> 1 | K19: =G19+H19+I19+J19 -> 1 | L19: =SUM(D10) -> 73 | N19: ='TMA Tariff Rate Chart'!B7 -> 63 | P19: =(L19*M19+N19*O19)*K19 -> 0 | R19: =P19+Q19 -> 0 | S19: =IF((E19="yes"),ROUND((R19*0.13),2),0) -> 0 | U19: =P19*U15 -> 0 | V19: =R19+S19+T19-U19 -> 0 | W19: =P19*W15 -> 0
A20: 5 | E20: no | F20: Side Musician | G20: {=_xlfn.IFS(F20="Leader",200%, F20="Side Musician",100%, F20="Single Musician", 200%, F20="Solo Harp", 200%, F20="Leader (non-playing)", 100%, F20="Contractor (also performing musician)", 150%, F20="Steward", 110%, F20="Contractor (non-playing)", 50%, F20="Harp or Concertmaster", 150%, F20="Principal Musician", 125%, F20="Librarian (also performing musician)", 150%, F20="Librarian (non-playing)", 50%, F20="Leader & Contractor", 250%,F20 = "Accompanist (professional)", 157.63%, F20 = "Accompanist (non-professional)", 100%)} -> 1 | K20: =G20+H20+I20+J20 -> 1 | L20: =SUM(D10) -> 73 | N20: ='TMA Tariff Rate Chart'!B7 -> 63 | P20: =(L20*M20+N20*O20)*K20 -> 0 | R20: =P20+Q20 -> 0 | S20: =IF((E20="yes"),ROUND((R20*0.13),2),0) -> 0 | U20: =P20*U15 -> 0 | V20: =R20+S20+T20-U20 -> 0 | W20: =P20*W15 -> 0
A21: 6 | E21: no | F21: Side Musician | G21: {=_xlfn.IFS(F21="Leader",200%, F21="Side Musician",100%, F21="Single Musician", 200%, F21="Solo Harp", 200%, F21="Leader (non-playing)", 100%, F21="Contractor (also performing musician)", 150%, F21="Steward", 110%, F21="Contractor (non-playing)", 50%, F21="Harp or Concertmaster", 150%, F21="Principal Musician", 125%, F21="Librarian (also performing musician)", 150%, F21="Librarian (non-playing)", 50%, F21="Leader & Contractor", 250%,F21 = "Accompanist (professional)", 157.63%, F21 = "Accompanist (non-professional)", 100%)} -> 1 | K21: =G21+H21+I21+J21 -> 1 | L21: =SUM(D10) -> 73 | N21: ='TMA Tariff Rate Chart'!B7 -> 63 | P21: =(L21*M21+N21*O21)*K21 -> 0 | R21: =P21+Q21 -> 0 | S21: =IF((E21="yes"),ROUND((R21*0.13),2),0) -> 0 | U21: =P21*U15 -> 0 | V21: =R21+S21+T21-U21 -> 0 | W21: =P21*W15 -> 0
A22: 7 | E22: no | F22: Side Musician | G22: {=_xlfn.IFS(F22="Leader",200%, F22="Side Musician",100%, F22="Single Musician", 200%, F22="Solo Harp", 200%, F22="Leader (non-playing)", 100%, F22="Contractor (also performing musician)", 150%, F22="Steward", 110%, F22="Contractor (non-playing)", 50%, F22="Harp or Concertmaster", 150%, F22="Principal Musician", 125%, F22="Librarian (also performing musician)", 150%, F22="Librarian (non-playing)", 50%, F22="Leader & Contractor", 250%,F22 = "Accompanist (professional)", 157.63%, F22 = "Accompanist (non-professional)", 100%)} -> 1 | K22: =G22+H22+I22+J22 -> 1 | L22: =SUM(D10) -> 73 | N22: ='TMA Tariff Rate Chart'!B7 -> 63 | P22: =(L22*M22+N22*O22)*K22 -> 0 | R22: =P22+Q22 -> 0 | S22: =IF((E22="yes"),ROUND((R22*0.13),2),0) -> 0 | U22: =P22*U15 -> 0 | V22: =R22+S22+T22-U22 -> 0 | W22: =P22*W15 -> 0
A23: 8 | E23: no | F23: Side Musician | G23: {=_xlfn.IFS(F23="Leader",200%, F23="Side Musician",100%, F23="Single Musician", 200%, F23="Solo Harp", 200%, F23="Leader (non-playing)", 100%, F23="Contractor (also performing musician)", 150%, F23="Steward", 110%, F23="Contractor (non-playing)", 50%, F23="Harp or Concertmaster", 150%, F23="Principal Musician", 125%, F23="Librarian (also performing musician)", 150%, F23="Librarian (non-playing)", 50%, F23="Leader & Contractor", 250%,F23 = "Accompanist (professional)", 157.63%, F23 = "Accompanist (non-professional)", 100%)} -> 1 | K23: =G23+H23+I23+J23 -> 1 | L23: =SUM(D10) -> 73 | N23: ='TMA Tariff Rate Chart'!B7 -> 63 | P23: =(L23*M23+N23*O23)*K23 -> 0 | R23: =P23+Q23 -> 0 | S23: =IF((E23="yes"),ROUND((R23*0.13),2),0) -> 0 | U23: =P23*U15 -> 0 | V23: =R23+S23+T23-U23 -> 0 | W23: =P23*W15 -> 0
A24: 9 | E24: no | F24: Side Musician | G24: {=_xlfn.IFS(F24="Leader",200%, F24="Side Musician",100%, F24="Single Musician", 200%, F24="Solo Harp", 200%, F24="Leader (non-playing)", 100%, F24="Contractor (also performing musician)", 150%, F24="Steward", 110%, F24="Contractor (non-playing)", 50%, F24="Harp or Concertmaster", 150%, F24="Principal Musician", 125%, F24="Librarian (also performing musician)", 150%, F24="Librarian (non-playing)", 50%, F24="Leader & Contractor", 250%,F24 = "Accompanist (professional)", 157.63%, F24 = "Accompanist (non-professional)", 100%)} -> 1 | K24: =G24+H24+I24+J24 -> 1 | L24: =SUM(D10) -> 73 | N24: ='TMA Tariff Rate Chart'!B7 -> 63 | P24: =(L24*M24+N24*O24)*K24 -> 0 | R24: =P24+Q24 -> 0 | S24: =IF((E24="yes"),ROUND((R24*0.13),2),0) -> 0 | U24: =P24*U15 -> 0 | V24: =R24+S24+T24-U24 -> 0 | W24: =P24*W15 -> 0
A25: 10 | E25: no | F25: Side Musician | G25: {=_xlfn.IFS(F25="Leader",200%, F25="Side Musician",100%, F25="Single Musician", 200%, F25="Solo Harp", 200%, F25="Leader (non-playing)", 100%, F25="Contractor (also performing musician)", 150%, F25="Steward", 110%, F25="Contractor (non-playing)", 50%, F25="Harp or Concertmaster", 150%, F25="Principal Musician", 125%, F25="Librarian (also performing musician)", 150%, F25="Librarian (non-playing)", 50%, F25="Leader & Contractor", 250%,F25 = "Accompanist (professional)", 157.63%, F25 = "Accompanist (non-professional)", 100%)} -> 1 | K25: =G25+H25+I25+J25 -> 1 | L25: =SUM(D10) -> 73 | N25: ='TMA Tariff Rate Chart'!B7 -> 63 | P25: =(L25*M25+N25*O25)*K25 -> 0 | R25: =P25+Q25 -> 0 | S25: =IF((E25="yes"),ROUND((R25*0.13),2),0) -> 0 | U25: =P25*U15 -> 0 | V25: =R25+S25+T25-U25 -> 0 | W25: =P25*W15 -> 0
O26: Total Scale Wages= | P26: =SUM(P16:P25) -> 0 | R26: Total HST= | S26: =SUM(S16:S25) -> 0 | T26: Total Work Dues = | U26: =SUM(U16:U25) -> 0
U27: Total Musician Payout = | V27: =SUM(V16:V25) -> 0
V28: Total Pension = | W28: =SUM(W16:W25) -> 0
W29: Total Work Permit(s)= | X29: =SUM(X16:X25) -> 0
B31: NOTES:
B37: A Steward is required if there are 3 or more musicians.
B38: A Contractor is required if there are 13 or more musicians.

Sheet For Pension Office
A2: TMA PENSION REMITTANCE - MPTF
A3: September 8th, 2026 to September 6th, 2027
A5: Contract #: | B5: ='MPTF Worksheet'!D4 -> 0 | D5: PERFORMANCE INFORMATION
A6: Engager: | B6: ='MPTF Worksheet'!D5 -> 0 | D6: Date(s): | E6: ='MPTF Worksheet'!F5 -> 0
A7: Leader: | B7: ='MPTF Worksheet'!D6 -> 0 | D7: Hours: | E7: ='MPTF Worksheet'!F6 -> 0
A8: Performance Name: | B8: ='MPTF Worksheet'!D7 -> 0 | D8: REHEARSAL INFORMATION
A9: Engagement Type: | B9: ='MPTF Worksheet'!D8 -> General Scale | D9: Date(s): | E9: ='MPTF Worksheet'!F9 -> 0
A10: Venue Capacity | B10: ='MPTF Worksheet'!D9 -> Up to 1000 | D10: Hours: | E10: ='MPTF Worksheet'!F10 -> 0
A11: Base Rate: | B11: ='MPTF Worksheet'!D10 -> 73 | I11: ='MPTF Worksheet'!D4 -> 0
A12: Pension Rate | B12: ='MPTF Worksheet'!D11 -> 0.08
A15: First Name | B15: Last Name | C15: AFM ID or SIN (Required) | D15: Musician Type | E15: TOTAL SCALE WAGES | F15: Pension
A16: ='MPTF Worksheet'!B16 -> 0 | B16: ='MPTF Worksheet'!C16 -> 0 | C16: ='MPTF Worksheet'!D16 -> 0 | D16: ='MPTF Worksheet'!F16 -> Leader | E16: ='MPTF Worksheet'!P16 -> 0 | F16: ='MPTF Worksheet'!W16 -> 0
A17: ='MPTF Worksheet'!B17 -> 0 | B17: ='MPTF Worksheet'!C17 -> 0 | C17: ='MPTF Worksheet'!D17 -> 0 | D17: ='MPTF Worksheet'!F17 -> Steward | E17: ='MPTF Worksheet'!P17 -> 0 | F17: ='MPTF Worksheet'!W17 -> 0
A18: ='MPTF Worksheet'!B18 -> 0 | B18: ='MPTF Worksheet'!C18 -> 0 | C18: ='MPTF Worksheet'!D18 -> 0 | D18: ='MPTF Worksheet'!F18 -> Side Musician | E18: ='MPTF Worksheet'!P18 -> 0 | F18: ='MPTF Worksheet'!W18 -> 0
A19: ='MPTF Worksheet'!B19 -> 0 | B19: ='MPTF Worksheet'!C19 -> 0 | C19: ='MPTF Worksheet'!D19 -> 0 | D19: ='MPTF Worksheet'!F19 -> Side Musician | E19: ='MPTF Worksheet'!P19 -> 0 | F19: ='MPTF Worksheet'!W19 -> 0
A20: ='MPTF Worksheet'!B20 -> 0 | B20: ='MPTF Worksheet'!C20 -> 0 | C20: ='MPTF Worksheet'!D20 -> 0 | D20: ='MPTF Worksheet'!F20 -> Side Musician | E20: ='MPTF Worksheet'!P20 -> 0 | F20: ='MPTF Worksheet'!W20 -> 0
A21: ='MPTF Worksheet'!B21 -> 0 | B21: ='MPTF Worksheet'!C21 -> 0 | C21: ='MPTF Worksheet'!D21 -> 0 | D21: ='MPTF Worksheet'!F21 -> Side Musician | E21: ='MPTF Worksheet'!P21 -> 0 | F21: ='MPTF Worksheet'!W21 -> 0
A22: ='MPTF Worksheet'!B22 -> 0 | B22: ='MPTF Worksheet'!C22 -> 0 | C22: ='MPTF Worksheet'!D22 -> 0 | D22: ='MPTF Worksheet'!F22 -> Side Musician | E22: ='MPTF Worksheet'!P22 -> 0 | F22: ='MPTF Worksheet'!W22 -> 0
A23: ='MPTF Worksheet'!B23 -> 0 | B23: ='MPTF Worksheet'!C23 -> 0 | C23: ='MPTF Worksheet'!D23 -> 0 | D23: ='MPTF Worksheet'!F23 -> Side Musician | E23: ='MPTF Worksheet'!P23 -> 0 | F23: ='MPTF Worksheet'!W23 -> 0
A24: ='MPTF Worksheet'!B24 -> 0 | B24: ='MPTF Worksheet'!C24 -> 0 | C24: ='MPTF Worksheet'!D24 -> 0 | D24: ='MPTF Worksheet'!F24 -> Side Musician | E24: ='MPTF Worksheet'!P24 -> 0 | F24: ='MPTF Worksheet'!W24 -> 0
A25: ='MPTF Worksheet'!B25 -> 0 | B25: ='MPTF Worksheet'!C25 -> 0 | C25: ='MPTF Worksheet'!D25 -> 0 | D25: ='MPTF Worksheet'!F25 -> Side Musician | E25: ='MPTF Worksheet'!P25 -> 0 | F25: ='MPTF Worksheet'!W25 -> 0
D26: Total Scale Wages= | E26: =SUM(E16:E25) -> 0
E27: Total Pension = | F27: =SUM(F16:F24) -> 0
A29: NOTES:
A35: Toronto Musicians' Assoication | 2 Sousa Mendes Street, Toronto, Ontario, M6P 0A8 | 416-421-1020

Sheet TMA Tariff Rate Chart
A1: MPTF General Scale
A2: September 8th, 2026 to September 6th, 2027
B4: Rehearsals | C4: Performances
C5: Venue Capacity | D5: Venue Capacity | E5: Venue Capacity
C6: up to 1000 | D6: 1001-3500 | E6: 3501 or greater | F6: Scale Rate
A7: Side Musician | B7: 63 | C7: 73 | D7: 85 | E7: 100 | F7: 1
A8: Leader | B8: =B7*2 -> 126 | C8: =C7*2 -> 146 | D8: =D7*2 -> 170 | E8: =E7*2 -> 200 | F8: 2
A9: Leader (non-playing) | B9: =+B7 -> 63 | C9: =C7 -> 73 | D9: =D7 -> 85 | E9: =E7 -> 100 | F9: 1
A10: Single Musician | B10: =B7*2 -> 126 | C10: =+C7*2 -> 146 | D10: =D8 -> 170 | E10: =E8 -> 200 | F10: 2
A11: Steward | B11: =B7*1.1 -> 69.3 | C11: =C7*1.1 -> 80.3 | D11: =D7*1.1 -> 93.5 | E11: =E7*1.1 -> 110 | F11: 1.1
A12: Contractor (also performing musician) | B12: =B7*F12 -> 94.5 | C12: =C7*1.5 -> 109.5 | D12: =D7*1.5 -> 127.5 | E12: =E7*1.5 -> 150 | F12: 1.5
A13: Contractor (non-playing) | B13: =B7/2 -> 31.5 | C13: =C7*0.5 -> 36.5 | D13: =D7*0.5 -> 42.5 | E13: =E7*0.5 -> 50 | F13: 0.5
A14: Harp or Concertmaster | B14: =B7*F14 -> 94.5 | C14: =C9*1.5 -> 109.5 | D14: =D9*1.5 -> 127.5 | E14: =E9*1.5 -> 150 | F14: 1.5
A15: Solo Harp | B15: =B7*2 -> 126 | C15: =C7*2 -> 146 | D15: =D7*2 -> 170 | E15: =E7*2 -> 200 | F15: 2
A16: Principal Musician | B16: =B7*1.25 -> 78.75 | C16: =C7*1.25 -> 91.25 | D16: =D7*1.25 -> 106.25 | E16: =E7*1.25 -> 125 | F16: 1.25
A17: Librarian (also performing musician) | B17: =B7*1.5 -> 94.5 | C17: =C7*1.5 -> 109.5 | D17: =D7*1.5 -> 127.5 | E17: =E7*1.5 -> 150 | F17: 1.5
A18: Librarian (non-playing) | B18: =B7*0.5 -> 31.5 | C18: =C7*0.5 -> 36.5 | D18: =D7*0.5 -> 42.5 | E18: =E7*0.5 -> 50 | F18: 0.5
A19: 1st | B19: =B7*0.5 -> 31.5 | C19: =C7*0.5 -> 36.5 | D19: =D7*0.5 -> 42.5 | E19: =E7*0.5 -> 50 | F19: 0.5
A20: 2nd | B20: =B7*0.25 -> 15.75 | C20: =C7*0.25 -> 18.25 | D20: =D7*0.25 -> 21.25 | E20: =E7*0.25 -> 25 | F20: 0.25
A21: 3rd & up | B21: =B7*0.1 -> 6.3 | C21: =C7*0.1 -> 7.3 | D21: =D7*0.1 -> 8.5 | E21: =E7*0.1 -> 10 | F21: 0.1
